 Dungeon Crawl Stone Soup version 0.20.1-1-g8b1a95d (webtiles) character file.

84 PattyCake the Skirmisher (level 4, 0/30 HPs)
             Began as a Gargoyle Fighter on Aug 31, 2017.
             Slain by a rat (2 damage)
             ... summoned by Eustachio
             ... on level 3 of the Dungeon.
             The game lasted 00:18:30 (4291 turns).

PattyCake the Skirmisher (Gargoyle Fighter)         Turns: 4291, Time: 00:18:31

Health: 0/30       AC: 13    Str: 20      XL:     4   Next: 46%
Magic:  4/4        EV:  5    Int:  9      God:
Gold:   130        SH:  8    Dex:  4 (9)  Spells: 3/3 levels left

rFire    . . .     SeeInvis .   a - +0 flail
rCold    . . .     Gourm    .   c - +0 shield
rNeg     + . .     Faith    .   h - +0 chain mail (curse)
rPois    ∞         Spirit   .   s - +0 helmet
rElec    +         Reflect  .   (no cloak)
rCorr    .         Harm     .   (no gloves)
MR       .....                  (no boots)
Stlth    ..........             (no amulet)
Regen    0.1/turn               (no ring)
MPRegen  0.1/turn               (no ring)

@: no status effects
A: negative energy resistance 1, electricity resistance, unbreathing,
petrification resistance, rot immunity, AC +3
a: no special abilities


You were on level 3 of the Dungeon.
You were not hungry.

You visited 1 branch of the dungeon, and saw 4 of its levels.

You collected 130 gold pieces.

Inventory:

Hand Weapons
 a - a +0 flail (weapon)
Armour
 b - a +0 scale mail
 c - a +0 shield (worn)
 h - a cursed +0 chain mail (worn)
 s - a +0 helmet (worn)
 t - a +0 chain mail
Wands
 u - a wand of random effects (29/48)
Scrolls
 j - 2 scrolls of fear {unknown}
 o - 3 scrolls of remove curse {unknown}
 r - a scroll of immolation {unknown}
Potions
 d - 2 potions of might
 e - 2 potions of brilliance {unknown}
 g - 2 potions of flight {unknown}
 i - a potion of haste {unknown}
 k - a potion of degeneration {unknown}
 l - a potion of resistance {unknown}
 m - 2 potions of ambrosia {unknown}
 n - a potion of magic {unknown}
Comestibles
 f - a bread ration
 p - a royal jelly
 q - a meat ration


   Skills:
 + Level 4.4 Fighting
 + Level 3.2 Maces & Flails
 - Level 3.2 Armour
 + Level 1.0 Dodging
 - Level 3.2 Shields


You had 3 spell levels left.
You didn't know any spells.

Dungeon Overview and Level Annotations

Branches:
Dungeon (4/15)
 Temple: D:4-7

Altars:

Annotations:
D:3 Eustachio


Innate Abilities, Weirdness & Mutations

You are resistant to torment.
Your stone body is resilient. (AC +3)
You are immune to poison.
You resist negative energy. (rN+)
You are resistant to electric shocks. (rElec)
You can survive without breathing.
You are immune to petrification.
You are immune to rotting.


Message History

The quokka bites you but does no damage.
Your chain mail prevents you from hitting Eustachio.
Eustachio is almost dead.
The bat hits you but does no damage. You block the bat's attack.
The bat hits you but does no damage. The rat bites you but does no damage.
Eustachio gestures wildly while chanting.
You block the quasit's attack. x2; The quasit closely misses you.
The quokka bites you but does no damage.
The shadow imp hits you but does no damage.
The rat barely misses you.
You closely miss Eustachio.
Eustachio is almost dead.
The bat hits you but does no damage. x2
The quasit bites you but does no damage.
The quasit claws you but does no damage.
The quasit barely misses you. The quokka bites you.
* * * LOW HITPOINT WARNING * * *
Eustachio hits you but does no damage. The bat hits you but does no damage.
The shadow imp closely misses you. The rat bites you.
You die...

#.# #.........#.#. #.#
#.#####.###.#.
#.###.#####..<....
####>................
#....................
##..................#.
#...................#.
#...rb.b............#.
#...5@5.............#.
#...r@5.########......
#.....................
#....##.########......
#######.#.............
#..........<......
#.....##......[...
#........###......
#....###.# #######


You could see Eustachio, 2 quasits, a shadow imp, a quokka, 2 bats and a rat.

Vanquished Creatures
  3 adders
  2 dart slugs (D:1)
  2 worms
  A leopard gecko (D:2)
  An orc (D:3)
  2 giant cockroaches (D:1)
  9 goblins
  4 hobgoblins
  2 quokkas (D:3)
  A ball python (D:1)
  5 bats
  7 frilled lizards
  3 kobolds (D:2)
  6 rats
48 creatures vanquished.

Notes
Turn   | Place    | Note
-------+----------+-------------------------------------------
     0 | D:1      | PattyCake the Gargoyle Fighter began the quest for the Orb.
     0 | D:1      | Reached XP level 1. HP: 14/14 MP: 1/1
  1224 | D:1      | Reached XP level 2. HP: 20/20 MP: 2/2
  1542 | D:1      | Reached skill level 4 in Fighting
  1871 | D:1      | You fall through a shaft!
  1932 | D:2      | Reached XP level 3. HP: 24/24 MP: 3/3
  2766 | D:2      | Reached XP level 4. HP: 30/30 MP: 4/4
  3020 | D:3      | Reached skill level 1 in Dodging
  3821 | D:4      | Noticed Eustachio
  4291 | D:3      | Slain by a rat

Skill      XL: |  1  2  3  4 |
---------------+-------------+-----
Fighting       | 4 |  4.4
Dodging        | 1 |  1.0
Maces & Flails | 3 |  3.2
Armour         | |  3.2
Shields        | |  3.2

Action                   |  1- 3 |  4- 6 || total
-------------------------+-------+-------++-------
Melee: Flail             |   168 |   100 ||   268
  Eat: Bread ration      |     2 |     1 ||     3
       Chunk             |     1 |       ||     1
Armor: Scale mail        |    27 |       ||    27
       Chain mail        |    91 |   285 ||   376
Dodge: Dodged            |    62 |   118 ||   180
Block: Shield            |    89 |   146 ||   235
